 Dungeon Crawl Stone Soup version 0.20-a0-432-g25cc1b4 (webtiles) character file.

7690 Gorice the Destroyer (level 11, 0/62 HPs)
             Began as a Deep Elf Air Elementalist on Jan 2, 2017.
             Was a Believer of Vehumet.
             Slain by a wolf (6 damage)
             ... on level 2 of the Lair of Beasts.
             The game lasted 01:12:02 (11066 turns).

Gorice the Destroyer (Deep Elf Air Elementalist)   Turns: 11066, Time: 01:12:03

Health: 0/62       AC:  9    Str:  2 (5)  XL:     11   Next: 0%
Magic:  11/27      EV: 14    Int: 23 (24) God:    Vehumet [**....]
Gold:   509        SH:  0    Dex: 14 (15) Spells: 17/30 levels left

rFire  + . .     SeeInvis .     a - +2 dagger (venom)
rCold  . . .     Gourm    .     k - +2 robe
rNeg   . . .     Faith    .     (no shield)
rPois  .         Spirit   .     r - +0 helmet
rElec  .         Reflect  .     J - +2 cloak {MR+}
rCorr  .         Harm     .     h - +0 pair of gloves
MR     ++...                    (no boots)
Stlth  ++........               (no amulet)
                                I - ring of protection from fire
                                (no ring)

@: no status effects
A: no striking features
a: Renounce Religion


You were on level 2 of the Lair of Beasts.
You worshipped Vehumet.
Vehumet was pleased with you.
You were not hungry.

You visited 3 branches of the dungeon, and saw 11 of its levels.

You collected 677 gold pieces.
You spent 168 gold pieces at shops.

Inventory:

Hand Weapons
 a - a +2 dagger of venom (weapon)
   (You found it on level 1 of the Dungeon)
 f - a +3 dagger of freezing
   (You took it off a wight on level 8 of the Dungeon)
 o - the +8 long sword of the Scorpion {slice, Str+4, unknown}
   (You found it on level 7 of the Dungeon)

   It inflicts extra damage upon your enemies.
   It affects your strength (+4).
 A - a +1 long sword of flaming
   (You found it on level 6 of the Dungeon)
Missiles
 L - 2 tomahawks (quivered)
 X - 3 tomahawks of dispersal
 Z - 159 stones
Armour
 h - a +0 pair of gloves (worn)
 k - a +2 robe (worn)
 r - a +0 helmet (worn)
 J - a +2 cloak of magic resistance (worn)
   (You took it off Crazy Yiuf on level 5 of the Dungeon)
Jewellery
 y - an uncursed ring of fire
 I - a ring of protection from fire (right hand)
Wands
 m - a wand of flame (31/48)
 D - a wand of lightning (8/15)
 G - a wand of enslavement (15/24)
 O - a wand of random effects (33/48)
 S - a wand of acid (7/15)
Scrolls
 q - a scroll of fog
 s - 2 scrolls of fear {!r}
 v - 3 scrolls of teleportation {!r}
Potions
 b - a potion of haste {unknown}
 j - a potion of invisibility {unknown}
 n - a potion of brilliance {unknown}
 p - a potion of resistance {unknown}
 u - 3 potions of cancellation {!q}
 C - a potion of ambrosia {unknown}
 F - a potion of might {unknown}
 H - a potion of degeneration {!q}
 P - a potion of berserk rage {unknown}
 R - a potion of magic {unknown}
Comestibles
 c - 9 bread rations {!e}
 t - 18 fruits
 T - a slice of pizza


   Skills:
 * Level 4.3 Fighting
 + Level 4.8 Dodging
 - Level 2.4 Stealth
 - Level 10.0 Spellcasting
 - Level 11.0 Conjurations
 - Level 10.0 Air Magic


You had 17 spell levels left.
You knew the following spells:

 Your Spells              Type           Power        Failure   Level  Hunger
a - Shock                 Conj/Air       ####         1%          1    None
b - Static Discharge      Conj/Air       ######..     1%          3    None
c - Lightning Bolt        Conj/Air       ######....   1%          5    ####...
M - Repel Missiles        Chrm/Air       ####..       1%          2    None
S - Swiftness             Chrm/Air       ####....     1%          2    None


Dungeon Overview and Level Annotations

Branches:
Dungeon (8/15)             Temple (1/1) D:7            Lair (2/6) D:8
  Swamp: Lair:2-4    Shoals: Lair:2-4     Snake: Lair:2-4    Spider: Lair:2-4

Altars:
Ashenzari
Cheibriados
Dithmenos
Elyvilon
Fedhas
Gozag
Hepliaklqana
Kikubaaqudgha
Makhleb
Nemelex Xobeh
Okawaru
Qazlal
Ru
Sif Muna
Uskayaw
Vehumet
Xom
Yredelemnul
Zin
The Shining One

Shops:
D:5 *(=


Message History

Unknown command.
You feel better. The wolf bites you but does no damage.
The wolf completely misses you. The wolf bites you but does no damage.
Unknown command.
Casting: Static Discharge
Confirm with . or Enter, or press ? or * to list all spells.
The wolf is struck by lightning.
The wolf is heavily wounded.
The lightning arcs!
The wolf is struck by lightning.
The wolf is heavily wounded.
The lightning arcs!
You are struck by lightning.
* * * LOW HITPOINT WARNING * * *
The lightning arcs!
The wolf is struck by lightning.
The wolf is heavily wounded.
The lightning arcs!
You are struck by lightning.
* * * LOW HITPOINT WARNING * * *
The lightning grounds out.
The wolf bites you.
* * * LOW HITPOINT WARNING * * *
The wolf bites you but does no damage. The wolf bites you.
* * * LOW HITPOINT WARNING * * *
The wolf bites you.
* * * LOW HITPOINT WARNING * * *
Damage: 12 (max 20) Unknown command.
Unknown command.
Unknown command.
Unknown command.
Unknown command.
Unknown command.
Unknown command.
Unknown command.
You feel better. The wolf bites you but does no damage. The wolf bites you.
* * * LOW HITPOINT WARNING * * *
The wolf closely misses you.
Unknown command.
It was a potion of degeneration.
There was something very wrong with that liquid.
You feel weakened.
You feel dopey.
You feel clumsy. The wolf closely misses you. The wolf misses you.
The wolf barely misses you.
Casting: Static Discharge
Confirm with . or Enter, or press ? or * to list all spells.
Aiming: Lightning Bolt
Press: ? - help, Shift-Dir - straight line, f - wolf
Aim: a wolf (heavily wounded)
You hear a mighty clap of thunder!
The bolt of lightning misses the wolf.
You hear a shout!
You hear a bellow!
The wolf bites you but does no damage. The wolf completely misses you.
The wolf misses you. The wolf bites you.
You die...

.....................#
.....................#
%.........†...........
......................
..................
#.....###.#...##..
......###..#.## .
........hh....#.
#.....#.@........ ...
##......#.. .
#......... .......#..
#..#.P####. ##...##
..... ......


You could see 2 wolves.

Vanquished Creatures
  A two-headed ogre (D:8)
  Pikel (D:4)
  2 black mambas
  A spiny frog (Lair:2)
  2 komodo dragons (D:8)
  A queen bee (D:8)
  A hippogriff (Lair:1)
  Eustachio (D:5)
  5 yaks
  A hungry ghost (D:8)
  A porcupine (Lair:1)
  An ice beast (D:8)
  An orc warrior (D:8)
  A sky beast (D:5)
  A necrophage (D:8)
  2 phantoms
  7 ogres
  2 centaurs
  4 wolves (Lair:1)
  3 crocodiles
  A big kobold (D:7)
  Blork the orc (D:5)
  2 bullfrogs (D:8)
  15 killer bees
  3 wights (D:8)
  A howler monkey (D:7)
  3 crimson imps
  A bullfrog zombie (D:8)
  A centaur skeleton (D:7)
  3 hounds
  An orc priest (D:8)
  An orc wizard (D:6)
  Crazy Yiuf (D:5)
  2 iguanas (D:8)
  3 worker ants
  Robin (D:3)
  4 gnolls
  A howler monkey skeleton (D:6)
  A howler monkey zombie (D:5)
  9 adders
  2 oozes (D:1)
  2 adder zombies
  An adder skeleton (D:8)
  A worm (D:3)
  4 leopard geckos
  40 orcs
  4 giant cockroaches
  10 hobgoblins
  7 jackals
  12 kobolds
  4 quokkas
  2 ball pythons
  8 bats
  6 frilled lizards
  13 goblins
  8 rats
  A plant (D:8)
219 creatures vanquished.

Vanquished Creatures (others)
  13 plants (D:8)
13 creatures vanquished.

Grand Total: 232 creatures vanquished

Notes
Turn   | Place    | Note
-------+----------+-------------------------------------------
     0 | D:1      | Gorice the Deep Elf Air Elementalist began the quest for the Orb.
     0 | D:1      | Reached XP level 1. HP: 10/10 MP: 6/6
   152 | D:1      | HP: 2/10 [hobgoblin/club (4)]
   385 | D:1      | Reached XP level 2. HP: 14/15 MP: 4/8
   553 | D:1      | Reached skill level 2 in Conjurations
   790 | D:1      | Reached XP level 3. HP: 19/19 MP: 7/10
  1051 | D:2      | Found a sacrificial altar of Ru.
  1324 | D:2      | Found a shadowy altar of Dithmenos.
  1433 | D:2      | Reached skill level 4 in Spellcasting
  1523 | D:2      | Reached skill level 3 in Conjurations
  1560 | D:2      | Reached XP level 4. HP: 24/24 MP: 8/12
  1894 | D:2      | Reached skill level 4 in Conjurations
  1965 | D:2      | Learned a level 2 spell: Repel Missiles
  1968 | D:2      | Learned a level 2 spell: Swiftness
  1972 | D:2      | Learned a level 3 spell: Static Discharge
  2040 | D:2      | You fall through a shaft!
  2049 | D:2      | Found an iron altar of Okawaru.
  2065 | D:2      | Found a burning altar of Makhleb.
  2163 | D:2      | Reached XP level 5. HP: 28/28 MP: 8/13
  3346 | D:3      | Noticed Robin
  3350 | D:3      | Killed Robin
  3350 | D:3      | Reached skill level 5 in Spellcasting
  3551 | D:4      | Noticed a slave
  3551 | D:4      | Noticed a slave
  3624 | D:4      | Noticed Pikel
  3624 | D:4      | Noticed a slave
  3665 | D:4      | HP: 8/28 [Pikel/whip of freezing (10)]
  3665 | D:4      | HP: 3/28 [Pikel/whip of freezing (5)]
  3670 | D:4      | HP: 6/28 [Pikel/whip of freezing (5)]
  3684 | D:4      | Killed Pikel
  3684 | D:4      | Reached skill level 6 in Spellcasting
  3684 | D:4      | Reached skill level 5 in Conjurations
  3684 | D:4      | Reached skill level 5 in Air Magic
  3684 | D:4      | Reached XP level 6. HP: 5/32 MP: 4/17
  3684 | D:4      | Reached XP level 7. HP: 5/36 MP: 4/18
  4198 | D:4      | Reached skill level 6 in Conjurations
  4551 | D:5      | Entered Level 5 of the Dungeon
  4603 | D:5      | Found Gufeox's Assorted Antiques.
  4605 | D:5      | Found Sitoutta's Antique Weapon Shop.
  4710 | D:5      | Noticed Eustachio
  4718 | D:5      | Killed Eustachio
  4780 | D:5      | Noticed Blork the orc
  4787 | D:5      | Killed Blork the orc
  4787 | D:5      | Reached XP level 8. HP: 37/41 MP: 13/19
  4963 | D:5      | Found a runed door.
  5067 | D:5      | Found Jauqiupn's Jewellery Shoppe.
  5347 | D:5      | Noticed Crazy Yiuf
  5354 | D:5      | Killed Crazy Yiuf
  5354 | D:5      | Reached skill level 6 in Air Magic
  5462 | D:5      | Reached skill level 7 in Conjurations
  5604 | D:6      | Reached skill level 7 in Spellcasting
  6253 | D:5      | Bought a ruby ring for 140 gold pieces
  6260 | D:5      | Bought a scroll labeled WOMAYK XIEN QALE for 28 gold pieces
  6582 | D:7      | Found a staircase to the Ecumenical Temple.
  6591 | Temple   | Entered the Ecumenical Temple
  6725 | Temple   | Became a worshipper of Vehumet
  6767 | D:7      | Got a twisted long sword
  6946 | D:7      | Reached skill level 8 in Conjurations
  6946 | D:7      | Reached skill level 7 in Air Magic
  7117 | D:8      | Noticed a two-headed ogre
  7283 | D:7      | Reached XP level 9. HP: 31/45 MP: 11/22
  7290 | D:7      | Learned a level 5 spell: Lightning Bolt
  7358 | D:8      | Reached skill level 8 in Spellcasting
  7606 | D:8      | Killed a two-headed ogre
  7606 | D:8      | Reached skill level 9 in Conjurations
  7606 | D:8      | Reached skill level 8 in Air Magic
  8026 | D:8      | Reached * piety under Vehumet
  8026 | D:8      | Offered knowledge of Sandblast by Vehumet.
  8193 | D:8      | Reached skill level 9 in Spellcasting
  8194 | D:8      | Reached skill level 9 in Air Magic
  8346 | D:8      | Noticed a queen bee
  8374 | D:8      | Killed a queen bee
  8374 | D:8      | Reached skill level 10 in Conjurations
  8498 | D:8      | Reached XP level 10. HP: 42/50 MP: 12/25
  8828 | D:8      | Offered knowledge of Magic Dart by Vehumet.
  8829 | D:8      | Reached ** piety under Vehumet
  9226 | D:8      | Found a staircase to the Lair.
  9303 | Lair:1   | Entered Level 1 of the Lair of Beasts
  9327 | D:8      | Reached skill level 11 in Conjurations
  9327 | D:8      | Reached skill level 10 in Air Magic
  9429 | D:8      | HP: 15/50 [poisoned by a killer bee]
  9435 | D:8      | HP: 14/50 [poisoned by a killer bee]
  9443 | D:8      | HP: 13/50 [poisoned by a killer bee]
  9705 | D:8      | Reached skill level 1 in Fighting
  9705 | D:8      | Reached skill level 10 in Spellcasting
  9883 | D:8      | Offered knowledge of Ignite Poison by Vehumet.
  9883 | D:8      | Reached skill level 2 in Fighting
  9883 | D:8      | Reached skill level 3 in Dodging
 10514 | Lair:2   | Noticed a black mamba
 10521 | Lair:2   | Killed a black mamba
 10521 | Lair:2   | Reached skill level 3 in Fighting
 10521 | Lair:2   | Reached skill level 4 in Dodging
 10583 | Lair:2   | Noticed a spiny frog
 10587 | Lair:1   | HP: 14/56 [wolf (6)]
 10875 | Lair:2   | Noticed a black mamba
 10881 | Lair:1   | Killed a black mamba
 10881 | Lair:1   | Reached skill level 4 in Fighting
 11054 | Lair:2   | Killed a spiny frog
 11054 | Lair:2   | Reached XP level 11. HP: 27/62 MP: 17/27
 11061 | Lair:2   | HP: 18/62 [poisoned by a spiny frog]
 11061 | Lair:2   | HP: 6/62 [wolf (12)]
 11063 | Lair:2   | HP: 1/62 [wolf (2)]
 11066 | Lair:2   | Slain by a wolf

Vault maps used:
D:1:      ncdulo_lavacross
D:2:      overflow_temple_1_default, nicolae_overflow_hidden_temple,
          old_standard_altar, lemuel_doored_altar, kennysheep_decorative_pillar
D:3:      first_bread, uniq_robin
D:4:      minmay_misc_feat_five, uniq_pikel
D:5:      serial_shops, shop_statue, nicolae_shop_crystal, shop,
          supply_closet_lemuel, hangedman_decor_diamond_cutter,
          uniq_blork_the_orc, uniq_eustachio, uniq_crazy_yiuf_cottage
D:8:      david_lair_shrubbed, special_room, david_nohive_1
Temple:   nicolae_temple_elliptical
Lair:1:   lemuel_fruit_fields, lemuel_fruit_fields
Lair:2:   guppyfry_snake_entry_garden, nicolae_volcano_entry_s_turn

Skill      XL: |  1  2  3  4  5  6  7  8  9 10 |
---------------+-------------------------------+-----
Conjurations   | 2 3 4 5 6 8 10 11 | 11.0
Spellcasting   | 4 6 7 9 10 | 10.0
Air Magic      | 5 7 9 10 | 10.0
Fighting       | 4 |  4.3
Dodging        | 4 |  4.8
Stealth        | |  2.4

Action                   |  1- 3 |  4- 6 |  7- 9 | 10-12 || total
-------------------------+-------+-------+-------+-------++-------
Melee: Dagger            |       |     5 |    14 |     8 ||    27
 Cast: Shock             |    69 |   112 |   174 |   130 ||   485
       Repel Missiles    |       |     1 |       |       ||     1
       Static Discharge  |       |     1 |    41 |    36 ||    78
       Lightning Bolt    |       |       |     1 |     6 ||     7
  Use: Scroll            |     2 |    10 |     4 |     1 ||    17
       Potion            |       |     1 |     1 |     4 ||     6
  Eat: Chunk             |     2 |     6 |     8 |     6 ||    22
       Meat ration       |       |       |     1 |       ||     1
       Pizza             |       |       |     1 |       ||     1
       Royal jelly       |       |       |       |     1 ||     1
       Beef jerky        |       |       |       |     1 ||     1
Armor: Robe              |     6 |     5 |    23 |    25 ||    59
       Skin              |       |       |     6 |     4 ||    10
Dodge: Dodged            |    13 |    13 |    65 |    47 ||   138
       Deflected         |       |       |     2 |       ||     2

Table legend:
 A = Turns spent in this place as a percentage of turns spent in the entire game.
 B = Non-inter-level travel turns spent in this place as a percentage of non-inter-level travel turns spent in the entire game.
 C = Inter-level travel turns spent in this place as a percentage of turns spent in this place.
 D = Turns resting spent in this place as a percentage of non-inter-level travel turns spent in this place.
 E = Turns spent auto-exploring this place as a percentage of non-inter-level travel turns spent in this place.
 F = Non-inter-level travel turns spent in this place divided by the number of levels of this place that you've seen.
                   A       B       C       D       E      F
               +-------+-------+-------+-------+-------+----------------------
         Total | 100.0 | 100.0 |   1.1 |   5.1 |   7.0 | 267.3
       Dungeon |  90.2 |  90.4 |   0.9 |   5.1 |   6.5 | 332.2
        Temple |   0.8 |   0.7 |   8.3 |   0.0 |  77.3 |  22.0
          Lair |   8.9 |   8.8 |   2.3 |   5.4 |   6.5 | 130.0
               +-------+-------+-------+-------+-------+----------------------

Vault maps used:
D:1:      ncdulo_lavacross
D:2:      overflow_temple_1_default, nicolae_overflow_hidden_temple,
          old_standard_altar, lemuel_doored_altar, kennysheep_decorative_pillar
D:3:      first_bread, uniq_robin
D:4:      minmay_misc_feat_five, uniq_pikel
D:5:      serial_shops, shop_statue, nicolae_shop_crystal, shop,
          supply_closet_lemuel, hangedman_decor_diamond_cutter,
          uniq_blork_the_orc, uniq_eustachio, uniq_crazy_yiuf_cottage
D:8:      david_lair_shrubbed, special_room, david_nohive_1
Temple:   nicolae_temple_elliptical
Lair:1:   lemuel_fruit_fields, lemuel_fruit_fields
Lair:2:   guppyfry_snake_entry_garden, nicolae_volcano_entry_s_turn
